AoeStats
← [CL] Al3jandr0.magn00

Arabia

508065953Analyzed
1v1 RM · 10d ago on Sep 20, 2026· 33m 36s· 2 players
Game mode
Random Map
Map size
Tiny (2 player)
Population
200
Speed
Normal
Resources
Standard
Victory
Conquest
Starting age
Dark Age
Ending age
Imperial Age
RankedLock teamsTeams togetherTeam positionsShared explorationLock speedFull tech treeHidden civsTurbo modeCheats
Victory
Defeat
🇫🇷 Huns · France
1934
+15
🇦🇷 Lithuanians · Argentina
1920
-15
[CL] Al3jandr0.magn00
5:58 Loom
8:28 Feudal Age
9:17 Double-Bit Axe
16:39 Padded Archer Armor
20:48 Fletching
22:28 Scale Barding Armor
26:14 Castle Age
24:28 Horse Collar
25:18 Bloodlines
27:28 Chain Barding Armor
28:01 Forging
30:32 Husbandry
Vaginisme
8:57 Loom
11:30 Feudal Age
14:11 Double-Bit Axe
15:53 Fletching
17:03 Horse Collar
20:48 Wheelbarrow
25:41 Castle Age
24:52 Scale Barding Armor
24:55 Gold Mining
25:44 Bloodlines
26:25 Forging
25:55 Crossbowman
26:59 Bodkin Arrow
28:36 Bow Saw
30:19 Husbandry
32:54 Chain Barding Armor
Connection lost

Rejoining the realm…

Still unreachable

The connection could not be restored.

Session expired

The server has moved on; the page needs a fresh start.